AoeStats
← FAD3D WHHYY NOT

Nomad

509027527Analyzed
4v4 RM · 6d ago on Sep 25, 2026· 47m 9s· 8 players
Game mode
Random Map
Map size
231×231
Population
200
Speed
Normal
Resources
Standard
Victory
Conquest
Starting age
Dark Age
Ending age
Imperial Age
RankedLock teamsTeams togetherTeam positionsShared explorationLock speedFull tech treeHidden civsTurbo modeCheats
Victory
Defeat
🇺🇸 Danes · United States
872
+13
🇳🇿 Vietnamese · New Zealand
860
+14
🇨🇳 Jurchens · China
804
+16
🇳🇿 Italians · New Zealand
774
+17
🇺🇸 Persians · United States
958
-21
🇺🇸 Bulgarians · United States
860
-17
🇨🇦 Danes · Canada
707
-11
🇺🇸 Spanish · United States
702
-11
Farraway
5:20 Loom
17:49 Feudal Age
19:55 Double-Bit Axe
22:35 Man-at-Arms
23:01 Arson
23:38 Gold Mining
24:22 Horse Collar
25:13 Scale Mail Armor
25:24 Forging
28:18 Castle Age
30:09 Chain Mail Armor
29:33 Long Swordsman
29:58 Gambesons
30:14 Squires
31:39 Fishing Lines
45:59 Imperial Age
44:09 Wheelbarrow
43:20 Town Watch
44:04 Bow Saw
45:25 Iron Casting
47:07 Fletching
48:18 Blast Furnace
47:51 Plate Mail Armor
3764810964
17:39 Feudal Age
23:27 Castle Age
24:26 Double-Bit Axe
30:12 Bow Saw
33:29 Scale Mail Armor
33:40 Forging
36:48 Chain Mail Armor
36:39 Scale Barding Armor
37:10 Iron Casting
37:46 Stone Mining
37:47 Gold Mining
43:58 Imperial Age
44:22 Elite Iron Pagoda
45:06 Fortified Bastions
46:55 Two-Man Saw
DonaldTrumpet
4:31 Loom
13:06 Feudal Age
13:35 Double-Bit Axe
13:52 Gold Mining
14:00 Fishing Lines
15:34 Fletching
15:44 Padded Archer Armor
23:46 Castle Age
23:47 Crossbowman
24:34 Thumb Ring
25:45 Squires
25:31 Arson
29:07 Pikeman
30:33 Bodkin Arrow
31:22 Wheelbarrow
33:30 Hand Cart
36:43 Sanctity
37:18 Stone Mining
38:38 Ballistics
40:33 Horse Collar
42:32 Leather Archer Armor
46:25 Imperial Age
48:12 Chemistry
46:54 Arbalester
46:58 Capped Ram
Jackson2013
9:05 Loom
16:43 Feudal Age
21:07 Castle Age
23:30 Caravan
27:19 Silk Road
38:36 Double-Bit Axe
40:21 Fletching
42:37 Bodkin Arrow
44:04 Padded Archer Armor
46:02 Coinage
FAD3D WHHYY NOT
3:35 Loom
3:41 Loom
24:11 Feudal Age
25:17 Double-Bit Axe
25:28 Stone Mining
26:17 Wheelbarrow
25:31 Town Watch
29:05 Horse Collar
32:18 Castle Age
30:33 Fletching
34:34 Bodkin Arrow
34:44 Padded Archer Armor
36:27 Bow Saw
36:25 Heavy Plow
V snacks
7:32 Loom
22:22 Feudal Age
25:28 Fishing Lines
25:47 Town Watch
30:54 Castle Age
29:26 Scale Mail Armor
29:36 Forging
32:41 Fletching
34:48 Stone Mining
35:00 Double-Bit Axe
39:33 Bow Saw
43:18 Medium Warships
44:07 Chain Mail Armor
44:27 Iron Casting
43:48 Bodkin Arrow
45:20 Squires
ENJIN3AR
5:01 Loom
16:05 Feudal Age
19:45 Fishing Lines
20:14 Gold Mining
23:00 Castle Age
21:33 Double-Bit Axe
21:59 Stone Mining
24:29 Gold Shaft Mining
26:06 Wheelbarrow
27:08 Fletching
28:19 Husbandry
28:55 Bloodlines
28:55 Scale Barding Armor
29:01 Forging
31:48 Chain Barding Armor
33:09 Ballistics
36:55 Iron Casting
36:22 Scale Mail Armor
36:23 Padded Archer Armor
36:19 Bodkin Arrow
36:49 Bow Saw
37:31 Horse Collar
38:06 Kamandaran
38:33 Crossbowman
40:24 Leather Archer Armor
40:18 Thumb Ring
41:35 Stone Shaft Mining
41:59 Devotion
42:16 Fervor
43:45 Chain Mail Armor
Darebear266178
20:56 Feudal Age
30:44 Double-Bit Axe
37:01 Castle Age
38:02 Fishing Lines
39:08 Bow Saw
39:06 Gillnets
Connection lost

Rejoining the realm…

Still unreachable

The connection could not be restored.

Session expired

The server has moved on; the page needs a fresh start.